 Dungeon Crawl Stone Soup version 0.18-a0-1702-gd20c6a5 (webtiles) character file.

1465 4thArraOfDagon the Cleaver (level 8, -4/73 HPs)
             Began as a Hill Orc Berserker on Apr 6, 2016.
             Was a Believer of Trog.
             Slain by a salamander (shapeshifter) (14 damage)
             ... on level 10 of the Dungeon.
             The game lasted 00:06:40 (1538 turns).

4thArraOfDagon the Cleaver (Hill Orc Berserker)     Turns: 1538, Time: 00:06:40

Health: -4/73      AC: 15    Str: 22    XL:     8   Next: 77%
Magic:  8/8        EV:  7    Int:  7    God:    Trog [**....]
Gold:   227        SH:  0    Dex: 10    Spells: 0 memorised, 7 levels left

rFire  . . .     SeeInvis .     e - +2 hand axe (distort)
rCold  . . .     Gourm    .     w - +0 plate armour
rNeg   . . .     Faith    .     (no shield)
rPois  .         Spirit   .     m - +0 helmet
rElec  .         Dismiss  .     (no cloak)
rCorr  +         Reflect  .     (no gloves)
SustAt .         Harm     .     (no boots)
MR     ++...                    (no amulet)
Stlth  ..........               s - ring of resist corrosion
                                o - +1 ring of protection

@: exhausted, regenerating, slowed, very slow, very resistant to hostile
enchantments, extremely unstealthy
A: no striking features
a: Berserk, Trog's Hand, Burn Spellbooks, Renounce Religion


You were on level 10 of the Dungeon.
You worshipped Trog.
Trog was pleased with you.
You were very hungry.

You visited 1 branch of the dungeon, and saw 10 of its levels.

You collected 227 gold pieces.

Inventory:

Hand Weapons
 a - a +0 hand axe
 e - a +2 hand axe of distortion (weapon)
Missiles
 l - 2 javelins of penetration (quivered)
Armour
 m - a +0 helmet (worn)
 w - a +0 plate armour (worn)
Jewellery
 o - a +1 ring of protection (left hand)
 s - a ring of resist corrosion (right hand)
Wands
 y - a wand of digging (15/24)
Scrolls
 b - a scroll of recharging {unknown}
 d - 2 scrolls of remove curse
 f - a scroll of random uselessness {unknown}
 g - a scroll of torment {unknown}
 i - 3 scrolls of noise
 j - a scroll of amnesia {unknown}
 n - 2 scrolls of magic mapping {unknown}
 q - a scroll of enchant armour {unknown}
 t - a scroll of immolation {unknown}
 u - a scroll of blinking {unknown}
 A - a scroll of identify {unknown}
Potions
 h - a potion of heal wounds {unknown}
 k - 2 potions of curing {unknown}
 r - a potion of flight {unknown}
 v - a potion of haste {unknown}
Comestibles
 c - 5 bread rations
 p - 3 meat rations
 x - 2 chunks of flesh
 z - a royal jelly


   Skills:
 + Level 7.1 Fighting
 * Level 10.6 Axes
 + Level 6.1 Armour
 - Level 1.5 Dodging


You had 7 spell levels left.
You didn't know any spells.

Dungeon Overview and Level Annotations

Branches:
Dungeon (10/15)
 Temple: D:4-7         Lair: D:8-11         Orc: D:9-12

Altars:
Dithmenos
Kikubaaqudgha
Okawaru
Ru
Vehumet


Message History

The salamander is severely wounded.
The salamander blinks!
Unknown command.
Unknown command.
You feel the effects of Trog's Hand fading.
Unknown command.
The salamander hits you!
You are engulfed in flames!
Unknown command.
Your plate armour prevents you from hitting the salamander.
The salamander is severely wounded.
The salamander hits you!
You are engulfed in flames!
* * * LOW HITPOINT WARNING * * *
Unknown command.
Unknown command.
Your plate armour prevents you from hitting the salamander.
The salamander is severely wounded.
The salamander hits you!
* * * LOW HITPOINT WARNING * * *
You are engulfed in flames!
You die...

#.##.# #.....>...### #.##.#
#.#######.# # #.##.# #.# #.#
#.##.##.# #.# #.#
#.....#.###.#### #.#
#8....#..#........####.#
.$N....#..#..N..........######.
##8...##....###N##.............
...... ##.....@..######.######.
##.##. #..#####.# #.# #. .
....# .# #.# # # ###..# .. ...
#.># .## ### ...# .# ###.. .#
###


You could see a salamander.

Vanquished Creatures
  A two-headed ogre (D:8)
  A water moccasin (D:8)
  An orc warrior (D:9)
  A black bear (D:6)
  2 ogres
  2 centaurs
  A scorpion (D:8)
  2 crimson imps (D:9)
  2 hounds
  A giant frog skeleton (D:6)
  2 orc priests
  5 orc wizards
  2 worker ants (D:8)
  2 hound skeletons
  Robin (D:3)
  2 adders
  3 giant geckos
  5 orcs
  2 bats (D:1)
  A giant cockroach (D:4)
  8 goblins
  12 hobgoblins
  7 jackals
  A quokka (D:6)
  2 giant newts
  4 kobolds
  4 rats
77 creatures vanquished.

Vanquished Creatures (others)
  A centaur (D:7)
  A worker ant (D:8)
  A bat (D:3)
3 creatures vanquished.

Grand Total: 80 creatures vanquished

Notes
Turn   | Place    | Note
--------------------------------------------------------------
     0 | D:1      | 4thArraOfDagon the Hill Orc Berserker began the quest for the Orb.
     0 | D:1      | Reached XP level 1. HP: 19/19 MP: 1/1
    78 | D:1      | Reached XP level 2. HP: 27/27 MP: 2/2
   144 | D:2      | Reached XP level 3. HP: 27/33 MP: 3/3
   210 | D:3      | Noticed Robin
   215 | D:3      | Reached ** piety under Trog
   222 | D:3      | Reached skill level 5 in Axes
   226 | D:3      | Killed Robin
   277 | D:3      | Reached XP level 4. HP: 36/40 MP: 4/4
   360 | D:4      | Noticed an ogre
   366 | D:4      | Killed an ogre
   366 | D:4      | Reached skill level 6 in Axes
   366 | D:4      | Reached XP level 5. HP: 15/47 MP: 5/5
   434 | D:5      | Entered Level 5 of the Dungeon
   436 | D:5      | Noticed a phantom
   480 | D:5      | Reached skill level 5 in Fighting
   480 | D:5      | Reached XP level 6. HP: 53/56 MP: 6/6
   521 | D:6      | Found an iron altar of Okawaru.
   540 | D:6      | Reached skill level 7 in Axes
   641 | D:6      | Found an ancient bone altar of Kikubaaqudgha.
   704 | D:6      | Noticed a black bear
   712 | D:6      | Killed a black bear
   805 | D:7      | Reached XP level 7. HP: 51/61 MP: 7/7
   949 | D:8      | Found a shadowy altar of Dithmenos.
   967 | D:8      | Reached skill level 8 in Axes
  1117 | D:8      | Reached *** piety under Trog
  1126 | D:8      | Noticed a two-headed ogre
  1129 | D:8      | Killed a two-headed ogre
  1129 | D:8      | Reached skill level 9 in Axes
  1129 | D:8      | Reached skill level 5 in Armour
  1142 | D:8      | Reached XP level 8. HP: 20/70 MP: 8/8
  1163 | D:7      | Found a sacrificial altar of Ru.
  1299 | D:9      | Reached skill level 10 in Axes
  1353 | D:9      | Found a radiant altar of Vehumet.
  1476 | D:10     | Entered Level 10 of the Dungeon
  1506 | D:10     | Noticed a salamander
  1538 | D:10     | Slain by a salamander (shapeshifter)

Vault maps used:
D:1:      lightli_arrival_boilingwater
D:3:      first_bread, uniq_robin
D:4:      uniq_crazy_yiuf_cottage
D:6:      kiku_gazebo_garden_becter, kennysheep_okawaru_gauntlet, temple_hall,
          grunt_pakellas_mercury
D:7:      nicolae_ru_awakened_eye, grunt_ogre_cave
D:8:      lemuel_round_altar, nicolae_overflow_crystal_walls, lemuel_round_altar
D:9:      zin_academy, lemuel_doored_altar, marbit_many_paths,
          amethyst_overflow_temple_binary, nicolae_overflow_hidden_temple
D:10:     serial_shops, shop, shop_fountains, shop, nicolae_shop_stone,
          jmf_multi_god_temple2, uniq_joseph, uniq_erica, uniq_psyche

Skill      XL: |  1  2  3  4  5  6  7  8 |
---------------+-------------------------+-----
Fighting       | 4 5 6 7 |  7.1
Axes           | 5 6 7 9 10 | 10.6
Armour         | 3 4 5 6 |  6.1
Dodging        | |  1.5

Action                   |  1- 3 |  4- 6 |  7- 9 || total
-------------------------+-------+-------+-------++-------
Melee: Hand axe          |    45 |    51 |   110 ||   206
Invok: Berserk           |     1 |     1 |     4 ||     6
       Trog's Hand       |       |     1 |     6 ||     7
  Use: Scroll            |       |       |     2 ||     2
  Eat: Chunk             |       |     2 |     6 ||     8
